 Dungeon Crawl Stone Soup version 0.29-a0-234-g0dae59b3db (webtiles) character file.

Game seed: 9041742703187792692

44 sammy202020 the Skirmisher (level 3, -2/43 HPs)
             Began as a Demonspawn Berserker on Mar 3, 2022.
             Was a Follower of Trog.
             Slain by a gnoll
             ... wielding a +2 whip of pain
              (7 damage)
             ... on level 2 of the Dungeon.
             The game lasted 00:01:53 (1070 turns).

sammy202020 the Skirmisher (Demonspawn Berserker)   Turns: 1070, Time: 00:01:54

Health: -2/43      AC:  3    Str: 17    XL:     3   Next: 41%
Magic:  3/3        EV: 16    Int: 10    God:    Trog [*.....]
Gold:   71         SH:  5    Dex: 14    Spells: 2/2 levels left

rFire   . . .      SeeInvis +   a - +0 mace
rCold   . . .      Faith    .   (no shield)
rNeg    . . .      Spirit   .   e - +0 leather armour
rPois   .          Reflect  +   (helmet restricted)
rElec   .          Harm     .   (no cloak)
rCorr   .          Rampage  .   (no gloves)
Will    .....                   (no boots)
Stlth   ..........              d - amulet of reflection
HPRegen 0.14/turn               h - ring of see invisible
MPRegen 0.08/turn               i - +4 ring of evasion

@: berserking (expiring), very quick
A: horns 1, thin skeletal structure 1
a: Renounce Religion, Berserk


You were on level 2 of the Dungeon.
You worshipped Trog.
Trog was aware of your devotion.
You visited 1 branch of the dungeon, and saw 2 of its levels.

You collected 71 gold pieces.

Inventory:

Hand Weapons
 a - a +0 mace (weapon)
Armour
 e - a +0 leather armour (worn)
Jewellery
 d - an amulet of reflection (around neck)
 h - a ring of see invisible (left hand)
 i - a +4 ring of evasion (right hand)
Scrolls
 b - a scroll of immolation {unknown}
 c - 2 scrolls of vulnerability {unknown}
 f - a scroll of torment {unknown}
 g - 2 scrolls of identify {unknown}
Potions
 j - a potion of lignification {unknown}
 k - a potion of ambrosia {unknown}
 l - 4 potions of curing {unknown}
 m - a potion of haste {unknown}


   Skills:
 + Level 3.4 Fighting
 + Level 3.1 Maces & Flails
 + Level 2.3 Armour
 + Level 2.3 Dodging


You had 2 spell levels left.
You didn't know any spells.
Your spell library was empty.

Dungeon Overview and Level Annotations

Branches:
Dungeon (2/15)

Altars:


Innate Abilities, Weirdness & Mutations

You have a pair of small horns on your head.
You have a somewhat thin skeletal structure. (Dex +2, Stealth+)


Message History

The gnoll barely misses you. The gnoll closely misses you.
The gnoll completely misses you.
You thump the gnoll! You headbutt the gnoll.
You kill the gnoll!
Trog accepts your kill. The bat barely misses you.
You block the gnoll's attack.
The gnoll hits you from afar with a +0 spear.
The gnoll hits you with a +0 club.
The gnoll hits you with a +2 whip of pain.
You writhe in agony.
A red film seems to cover your vision as you go berserk!
You feel yourself moving faster!
You feel mighty! The bat closely misses you.
The gnoll closely misses you. x2; The gnoll barely misses you.
The bat misses you.
You closely miss the bat. The bat hits you.
The gnoll hits you from afar with a +0 spear.
The gnoll barely misses you. The bat hits you but does no damage.
You hit the bat.
You kill the bat!
Trog accepts your kill. You block the gnoll's attack.
The gnoll barely misses you. The gnoll hits you with a +0 club.
* * * LOW HITPOINT WARNING * * *
You closely miss the gnoll. The gnoll barely misses you.
The gnoll closely misses you. The gnoll hits you with a +0 club.
* * * LOW HITPOINT WARNING * * *
You barely miss the gnoll. You headbutt the gnoll!
The gnoll is severely wounded.
The gnoll misses you.
The gnoll hits you from afar with a +0 spear.
* * * LOW HITPOINT WARNING * * *
You barely miss the gnoll.
The gnoll is severely wounded.
You block the gnoll's attack. The gnoll closely misses you.
The gnoll misses you.
You closely miss the gnoll.
The gnoll is severely wounded.
The gnoll barely misses you.
The gnoll hits you with a +2 whip of pain!
You die...

......#
#.##
......#
#..#
......#
##.#
......# #.#
# ......#
###.#####.#
......#
#.........#
......#
#.$..†..(.#
......#
#....)....#
#######
#...@g....#
#...†g....#
#...g.....#
#.........#
#.........#
#.........#
#.........#
#.........#


You could see 3 gnolls.

Vanquished Creatures
  A gnoll (D:2)
  An adder (D:2)
  A worm (D:2)
  An endoplasm (D:1)
  3 goblins
  3 hobgoblins
  2 quokkas
  4 bats
  A frilled lizard (D:2)
  6 rats (D:1)
23 creatures vanquished.

Vanquished Creatures (others)
  A fungus (D:2)
  2 plants (D:2)
3 creatures vanquished.

Grand Total: 26 creatures vanquished

Notes
Turn   | Place    | Note
-------+----------+-------------------------------------------
     0 | D:1      | sammy202020 the Demonspawn Berserker began the quest for
                  | the Orb.
     0 | D:1      | Reached XP level 1. HP: 18/18 MP: 1/1
   501 | D:1      | Gained mutation: You have a somewhat thin skeletal
                  | structure. (Dex +2, Stealth+) [demonic ancestry]
   501 | D:1      | Reached XP level 2. HP: 20/24 MP: 2/2
   974 | D:2      | Gained mutation: You have a pair of small horns on your
                  | head. [demonic ancestry]
   974 | D:2      | Reached XP level 3. HP: 27/29 MP: 3/3
  1070 | D:2      | Slain by a gnoll

Illustrated notes

Levels and vault maps discovered:
D:1:      psy_arrival_whirlpool, layout_loops_ring, minmay_door_square,
          hangedman_abyss_or_decor_stabs, minmay_tetromino_l2
D:2:      layout_basic, shapermc_ecumenical_altar_mp_urbaneastern

Skill      XL: |  1  2 |
---------------+-------+-----
Armour         | 2 |  2.3
Dodging        | 2 |  2.3
Maces & Flails | 3 |  3.1
Fighting       | |  3.4

Action                   || total
-------------------------++-------
Melee: Mace              ||    77
       Headbutt          ||     2
Invok: Berserk           ||     1
 Stab: Distracted        ||     1
       Sleeping          ||     1
Armor: Leather armour    ||    13
Dodge: Dodged            ||    62
Block: Other             ||    26

Table legend: (Time is in decaauts)
 A = Elapsed time spent in this place.
 B = Non-inter-level travel time spent in this place.
 C = Inter-level travel time spent in this place.
 D = Time resting spent in this place.
 E = Time spent auto-exploring this place.
 F = Levels seen in this place.
 G = Mean time per level.
                   A        B        C        D        E       F      G
               +--------+--------+--------+--------+--------+-----+--------+
         Total |   1087 |   1070 |     17 |      0 |    860 |   2 |  543.5 |
       Dungeon |   1087 |   1070 |     17 |      0 |    860 |   2 |  543.5 |
               +--------+--------+--------+--------+--------+-----+--------+

Top non-repeatable levels by time:
     D:1: 921 daAuts
     D:2: 165 daAuts
